 Dungeon Crawl Stone Soup version 0.24-a0-290-gbb66a67 (webtiles) character file.

Game seed: 169819987724821774

55 Gildeon the Shooter (level 3, -1/31 HPs)
             Began as a Minotaur Hunter on May 6, 2019.
             Slain by a hobgoblin
             ... wielding a +0 club
             ... led by Robin
              (6 damage)
             ... on level 2 of the Dungeon on May 9, 2019.
             The game lasted 00:06:58 (877 turns).

Gildeon the Shooter (Minotaur Hunter)                Turns: 877, Time: 00:06:58

Health: -1/31      AC:  3    Str: 17    XL:     3   Next: 67%
Magic:  2/2        EV: 12    Int:  8    God:
Gold:   80         SH:  0    Dex: 10    Spells: 2/2 levels left

rFire    . . .     SeeInvis .   e - +0 club
rCold    . . .     Gourm    .   (no shield)
rNeg     . . .     Faith    .   c - +0 leather armour
rPois    .         Spirit   .   (helmet restricted)
rElec    .         Reflect  .   (no cloak)
rCorr    .         Harm     .   (no gloves)
MR       .....                  (no boots)
Stlth    +.........             (no amulet)
HPRegen  0.10/turn              (no ring)
MPRegen  0.08/turn              (no ring)

@: no status effects
A: retaliatory headbutt, horns 2
a: no special abilities


You were on level 2 of the Dungeon.
You were not hungry.

You visited 1 branch of the dungeon, and saw 2 of its levels.

You collected 80 gold pieces.

Inventory:

Hand Weapons
 a - a +2 shortbow
 e - a +0 club (weapon)
Armour
 c - a +0 leather armour (worn)
Scrolls
 g - a scroll of identify
 h - a scroll of remove curse
 j - a scroll of enchant armour {unknown}
Potions
 i - a potion of heal wounds
Comestibles
 b - a chunk of flesh
 f - 4 rations


   Skills:
 + Level 3.4 Fighting
 + Level 5.0 Bows
 + Level 3.1 Dodging
 - Level 0.7 Stealth


You had 2 spell levels left.
You didn't know any spells.
Your spell library was empty.

Dungeon Overview and Level Annotations

Branches:
Dungeon (2/15)

Altars:


Innate Abilities, Weirdness & Mutations

You reflexively headbutt those who attack you in melee.
You have a pair of horns on your head.


Message History

A goblin comes into view. It is wielding a +0 club.
Robin roars a battlecry!
The goblin goes into a battle-frenzy!
You closely miss the hobgoblin. Your headbutt misses the hobgoblin.
The hobgoblin misses you. The hobgoblin closely misses you. x2
You furiously retaliate!
You headbutt the hobgoblin.
You kill the hobgoblin!
You barely miss the hobgoblin. The hobgoblin hits you with a +0 club!
Robin hits you with a +0 short sword.
* * * LOW HITPOINT WARNING * * *
You barely miss Robin. You headbutt Robin.
You kill Robin!
Your Bows skill increases to level 5!
The hobgoblin hits you but does no damage.
The goblin hits you with a +0 dagger.
* * * LOW HITPOINT WARNING * * *
You hit the goblin.
The goblin is severely wounded.
The bat closely misses you. The hobgoblin hits you with a +0 club.
You die...

###.#.....##..#[..#.#..
###...#.###.#...# # #
#.#.#.......(.#
#...#.####.#.
#............
#.....##.#...
#........(...
#.....##.##.. #
#....@##(##.g(#
#..#bggg....(((
#......).......
#......(.......
#.##.###.#...>. #. #..
....... . ... .#.#... .
##.. ....... #. #..# ..
....


You could see a hobgoblin, 2 goblins and a bat.

Vanquished Creatures
  Robin (D:2)
  An ooze (D:1)
  A dart slug (D:1)
  2 leopard geckos
  A ball python (D:1)
  A bat (D:1)
  2 giant cockroaches
  6 goblins (D:2)
  11 hobgoblins
  4 kobolds
30 creatures vanquished.

Notes
Turn   | Place    | Note
-------+----------+-------------------------------------------
     0 | D:1      | Gildeon the Minotaur Hunter began the quest for the Orb.
     0 | D:1      | Reached XP level 1. HP: 18/18 MP: 0/0
    72 | D:1      | Reached XP level 2. HP: 25/25 MP: 1/1
   567 | D:1      | Reached XP level 3. HP: 31/31 MP: 2/2
   812 | D:2      | Upgraded the game from 0.24-a0-284-g9fb9971 to
                  | 0.24-a0-290-gbb66a67
   862 | D:2      | Noticed Robin
   876 | D:2      | Killed Robin
   876 | D:2      | Reached skill level 5 in Bows
   877 | D:2      | Slain by a hobgoblin

Levels and vault maps discovered:
D:1:      grunt_arrival_crossed_arrows, layout_basic, glass_columns_c
D:2:      layout_basic, minmay_tetromino_l2, uniq_robin, uniq_jessica

Skill      XL: |  1  2  3 |
---------------+----------+-----
Fighting       | 3 |  3.4
Dodging        | 3 |  3.1
Bows           | 5 |  5.0
Stealth        | |  0.7

Action                   || total
-------------------------++-------
Melee: Club              ||    14
       Headbutt          ||     3
 Fire: Shortbow          ||    65
  Use: Scroll            ||     3
Armor: Leather armour    ||     5
Dodge: Dodged            ||    18

Table legend:
 A = Non-vault XP
 B = Vault XP
 C = Vault XP percentage of total XP
 D = Non-vault monster count
 E = Vault monster count
 F = Vault count percentage of total count
                 A         B        C        D         E       F
            +---------+---------+-------+---------+---------+-------
      Total |      51 |      28 |  35.4 |      22 |       8 |  26.7
            +---------+---------+-------+---------+---------+-------
        D:1 |      43 |       0 |   0.0 |      18 |       0 |   0.0
        D:2 |       8 |      28 |  77.8 |       4 |       8 |  66.7
            +---------+---------+-------+---------+---------+-------
